[Event "NOR-chT Codanserien 2017-18"]
[Site "Oslo"]
[Date "2018.01.12"]
[Round "4"]
[White "Moen, Andreas"]
[Black "Gabrielsen, Stig"]
[Result "1/2-1/2"]
[ECO "E21"]
[WhiteElo "2322"]
[BlackElo "2307"]
[Annotator "ChessBase"]
[PlyCount "37"]
[EventDate "2018.??.??"]
[EventType "team-tourn"]
[EventCountry "NOR"]
[SourceTitle "playchess.com"]
[Source "ChessBase"]
[SourceQuality "1"]
[TimeControl "40/5400+30:1800+30"]

1. d4 Nf6 2. c4 e6 3. Nf3 b6 4. Nc3 Bb7 5. Qc2 c5 6. dxc5 Bxc5 7. Bg5 h6 8. Bh4 Be7 9. e3 d6 10. Rd1 a6 11. Be2 Nbd7 12. O-O Qc7 13. Nd2 O-O 14. Nde4 Rfe8 15. Bf3 Nxe4 16. Bxe7 Rxe7 17. Bxe4 Nc5 18. Bxb7 Nxb7 19. Rd4 1/2-1/2

[Event "NOR-chT Codanserien 2017-18"]
[Site "Oslo"]
[Date "2018.01.12"]
[Round "4"]
[White "Guttulsrud, Odd Martin"]
[Black "Brasoy, Aksel"]
[Result "1-0"]
[ECO "B40"]
[WhiteElo "2268"]
[BlackElo "1937"]
[Annotator "ChessBase"]
[PlyCount "187"]
[EventDate "2018.??.??"]
[EventType "team-tourn"]
[EventCountry "NOR"]
[SourceTitle "playchess.com"]
[Source "ChessBase"]
[SourceQuality "1"]
[TimeControl "40/5400+30:1800+30"]

1. e4 c5 2. Nf3 e6 3. d4 cxd4 4. Nxd4 Nf6 5. Bd3 Nc6 6. Nxc6 bxc6 7. O-O d5 8. Nc3 Be7 9. Qf3 O-O 10. b3 Qa5 11. Bb2 Ba6 12. Bxa6 Qxa6 13. e5 Nd7 14. Rfe1 Ba3 15. Na4 Bxb2 16. Nxb2 Qa3 17. Nd3 a5 18. Qg4 Rfb8 19. Nf4 Qe7 20. Re3 a4 21. Rae1 axb3 22. axb3 Rb4 23. Rg3 g6 24. h4 Kh8 25. Rh3 Ra2 26. Re2 c5 27. Qg3 Ra8 28. Nd3 Rb7 29. Qe3 Rc7 30. c4 Rb8 31. cxd5 exd5 32. Nf4 d4 33. Qe4 Rcb7 34. Qd5 Nf8 35. e6 fxe6 36. Nxe6 Nxe6 37. Rxe6 Qg7 38. Qxc5 Rc7 39. Rc6 Rbc8 40. Rxc7 Rxc7 41. Qd6 Rc1+ 42. Kh2 Qc7 43. Qxc7 Rxc7 44. Rd3 Rc3 45. Rxd4 Rxb3 46. Rd7 h5 47. f3 Ra3 48. Kg3 Ra2 49. Rb7 Kg8 50. Kh2 Rc2 51. Re7 Ra2 52. Kh3 Ra3 53. Kg3 Ra2 54. Rc7 Rb2 55. Rd7 Ra2 56. Re7 Rb2 57. f4 Rb3+ 58. Kf2 Rb2+ 59. Kf3 Rb3+ 60. Re3 Rb4 61. Re5 Kg7 62. Rg5 Kh6 63. Re5 Kg7 64. Re3 Kf6 65. Ra3 Rc4 66. g4 hxg4+ 67. Kxg4 Rc5 68. Ra6+ Kg7 69. Re6 Rc1 70. Re3 Rc5 71. Re5 Rc4 72. Kg5 Rc7 73. Rb5 Ra7 74. h5 gxh5 75. Kxh5 Kf6 76. Kg4 Ra4 77. Rb6+ Kf7 78. Kg5 Ra5+ 79. f5 Ra1 80. Rb7+ Kf8 81. Kg6 Rg1+ 82. Kf6 Kg8 83. Rb8+ Kh7 84. Ke6 Ra1 85. Re8 Ra6+ 86. Kf7 Ra1 87. f6 Kh6 88. Rh8+ Kg5 89. Kg7 Rg1 90. f7 Kf5+ 91. Kf8 Ra1 92. Rh2 Ra8+ 93. Kg7 Ra7 94. Kg8 1-0